 Dungeon Crawl Stone Soup version 0.30-a0-847-g17996783a1 (webtiles) character file.

Game seed: 1536379280015635618

4 Pooter the Sneak (level 1, -2/20 HPs)
             Began as a Minotaur Delver on Mar 3, 2023.
             Slain by a black bear (9 damage)
             ... on level 3 of the Dungeon.
             The game lasted 00:05:24 (276 turns).

Pooter the Sneak (Minotaur Delver)                   Turns: 276, Time: 00:05:24

Health: -2/20      AC: 10    Str: 18    XL:     1   Next: 50%
Magic:  0/0        EV: 11    Int: 10    God:
Gold:   32         SH:  0    Dex: 11    Spells: 0/0 levels left

rFire   . . .      SeeInvis .    e - +0 trident
rCold   . . .      Faith    .    (no shield)
rNeg    + . .      Spirit   .    i - +5 ring mail of Inquiry {+Inv rN+ Str+2 Int+3}
rPois   .          Reflect  .    (helmet restricted)
rElec   .          Rampage  .    (no cloak)
rCorr   .                        (no gloves)
Will    .....                    (no boots)
Stlth   ++                       (no amulet)
HPRegen 0.23/turn                (no ring)
MPRegen 0.07/turn                (no ring)

@: no status effects
A: horns 2, retaliatory headbutt
a: Evoke Invisibility


You were on level 3 of the Dungeon.
You visited 1 branch of the dungeon, and saw 4 of its levels.

You collected 32 gold pieces.

Inventory:

Hand Weapons
 a - a +0 hand axe
 e - a +0 trident (weapon)
   (You found it on level 4 of the Dungeon)
Missiles
 d - 2 poisoned darts (quivered)
Armour
 i - the +5 ring mail of Inquiry (worn) {+Inv rN+ Str+2 Int+3}
   (You found it on level 3 of the Dungeon)

   Str:       It affects your strength (+2).
   Int:       It affects your intelligence (+3).
   rN:        It protects you from negative energy.
   +Inv:      It lets you turn invisible.
Wands
 D - a wand of digging (3)
Scrolls
 b - a scroll of teleportation {unknown}
 c - a scroll of fog
 g - a scroll of amnesia {unknown}
Potions
 f - a potion of haste {@q3}
 h - a potion of attraction {unknown}


   Skills:
 + Level 3.7 Fighting
 + Level 2.5 Axes
 * Level 2.3 Dodging
 * Level 4.1 Stealth


You couldn't memorise any spells.
You didn't know any spells.
Your spell library was empty.

Dungeon Overview and Level Annotations

Branches:
Dungeon (6/15)
 Temple: D:4-7

Altars:
Ashenzari


Innate Abilities, Weirdness & Mutations

You have a pair of horns on your head.
You reflexively headbutt those who attack you in melee.


Message History

The slug dart hits you.
You see here the +5 ring mail of Inquiry {+Inv rN+ Str+2 Int+3}.
Found a scroll labelled YWUDITRU IREF.
You puncture the dart slug! The dart slug launches a dart at you.
The slug dart hits you.
You puncture the dart slug!
You kill the dart slug!
You see here the +5 ring mail of Inquiry {+Inv rN+ Str+2 Int+3}.
You start removing your armour.
You continue taking off your +0 leather armour. x4
You finish taking off your +0 leather armour.
You start putting on your armour.
You continue putting on the +5 ring mail of Inquiry {+Inv rN+ Str+2 Int+3}. x5
You finish putting on the +5 ring mail of Inquiry {+Inv rN+ Str+2 Int+3}.
You feel stronger.
You feel clever.
You drop a +0 leather armour.
b - a scroll labelled YWUDITRU IREF
Found 10 gold pieces.
You now have 32 gold pieces (gained 10).
You open the door.
There is an open door here.
Found 3 scrolls labelled LIPHIST JIUSTU.
A black bear comes into view.
Found a broken altar of Ashenzari.
You puncture the black bear!
The black bear bites you but does no damage.
The black bear claws you. The black bear misses you.
You barely miss the black bear. You headbutt the black bear.
The black bear bites you.
The black bear claws you but does no damage. x2
You hit the black bear but do no damage.
The black bear barely misses you. x2
The black bear claws you but does no damage.
The black bear bites you but does no damage.
The black bear claws you but does no damage.
The black bear barely misses you.
You hit the black bear. The black bear bites you. The black bear claws you.
The black bear closely misses you.
You are too injured to fight recklessly!
You are too injured to fight recklessly!
You are too injured to fight recklessly!
You puncture the black bear!
The black bear goes berserk!
You hit the black bear but do no damage.
The black bear bites you.
* * * LOW HITPOINT WARNING * * *
The black bear barely misses you. The black bear claws you.
* * * LOW HITPOINT WARNING * * *
The black bear bites you!
You die...

##### #...#
#.h?# ... # #
#.@.# ... ..
#.###.# #.#
#.#....## #.#
#...##.# #.#
##.. #.# #.#
#.#.# #.#
#...####.#
####'.##.#
#.....#######


You could see a black bear (berserk).

Vanquished Creatures
  A dart slug (D:3)
  A bat (D:3)
  A rat (D:3)
3 creatures vanquished.

Notes
Turn   | Place    | Note
-------+----------+-------------------------------------------
     0 | D:5      | Pooter the Minotaur Delver began the quest for the Orb.
     0 | D:5      | Reached XP level 1. HP: 19/19 MP: 0/0
     1 | D:6      | Noticed a hound
    20 | D:6      | Noticed a jelly
    71 | D:5      | Noticed an iguana
    91 | D:4      | Noticed an iguana
    92 | D:4      | Noticed an ogre
   130 | D:4      | Noticed a howler monkey
   203 | D:3      | Identified the +5 ring mail of Inquiry {+Inv rN+ Str+2
                  | Int+3}
   269 | D:3      | Found a broken altar of Ashenzari.
   269 | D:3      | Noticed a black bear
   276 | D:3      | Slain by a black bear

Illustrated notes

Levels and vault maps discovered:
D:3:      minmay_octagon_keep, layout_rooms, mainiacjoe_overflow_swirl,
          uniq_sigmund, uniq_terence
D:4:      layout_basic, grunt_ministairs_6, nicolae_wormholes
D:5:      layout_cave_pools, xom_butterflies, minmay_temple_entry_waves,
          serial_shops, nicolae_diamond_shop
D:6:      lemuel_castle_with_subvaults [lemuel_castle_interior_carwin_2],
          layout_cave_pools, mainiacjoe_overflow_catwalk, serial_shops,
          nicolae_square_shop, minmay_misc_feat_pillars, minivault_23,
          minmay_misc_feat_diagonals, minmay_manual_moon, uniq_grinder,
          uniq_pikel

Action                     || total
---------------------------++-------
  Melee: Trident           ||    11
         Headbutt          ||     1
    Use: Scroll            ||     3
 Armour: Ring mail         ||     6
         Leather armour    ||     2
  Dodge: Dodged            ||    10

Table legend: (Time is in decaauts)
 A = Elapsed time spent in this place.
 B = Non-inter-level travel time spent in this place.
 C = Inter-level travel time spent in this place.
 D = Time resting spent in this place.
 E = Time spent auto-exploring this place.
 F = Levels seen in this place.
 G = Mean time per level.
                   A        B        C        D        E       F      G
               +--------+--------+--------+--------+--------+-----+--------+
         Total |    278 |    278 |      0 |      0 |     62 |   4 |   69.5 |
       Dungeon |    278 |    278 |      0 |      0 |     62 |   4 |   69.5 |
               +--------+--------+--------+--------+--------+-----+--------+

Top non-repeatable levels by time:
     D:3: 110 daAuts
     D:5: 82 daAuts
     D:4: 81 daAuts
     D:6: 4 daAuts
